 Dungeon Crawl Stone Soup version 0.13.2 (webtiles) character file.

704 Morbidden the Covered (level 6, 1/57 HPs)
             Began as a Deep Dwarf Fighter on Aug 7, 2020.
             Quit the game on Level 5 of the Dungeon.
             The game lasted 00:16:07 (2987 turns).

Morbidden the Covered (Deep Dwarf Fighter)          Turns: 2987, Time: 00:16:07

HP   1/57        AC  8     Str 22      XL: 6   Next: 87%
MP   5/5         EV  7     Int 18      God:
Gold 222         SH 22     Dex 12      Spells:  0 memorised,  5 levels left

Res.Fire  : . . .   See Invis. : .   v - +0 dwarf hand axe
Res.Cold  : . . .   Warding    : .   b - +0 dwarf scale mail
Life Prot.: . . .   Conserve   : .   c - +0 dwarf shield
Res.Poison: .       Res.Corr.  : .   (no helmet)
Res.Elec. : .       Clarity    : .   (no cloak)
Sust.Abil.: . .     Spirit.Shd : .   (no gloves)
Res.Mut.  : .       Stasis     : +   (no boots)
Res.Rott. : .       Flight     : .   g - amulet of stasis
Saprovore : . . .                    p - +5 ring of intelligence
                                     n - +5 ring of intelligence

@: non-regenerating, somewhat resistant to hostile enchantments, extremely
unstealthy
A: damage resistance, recharge devices, sense surroundings 1, slow healing 3
a: Device Recharging


You were on level 5 of the Dungeon.
You were not hungry.

You visited 1 branch of the dungeon, and saw 5 of its levels.

You collected 202 gold pieces.

Inventory:

Hand weapons
 a - a cursed +0,+1 dwarven mace
 t - a +1,+1 orcish morningstar of holy wrath
 v - a +0,+0 dwarven hand axe (weapon)
Missiles
 e - 14 darts (quivered)
Armour
 b - a +0 dwarven scale mail (worn)
 c - a +0 dwarven shield (worn)
 i - a cursed +0 ring mail
Magical devices
 d - a wand of heal wounds (0)
Comestibles
 f - 7 bread rations
 j - a lemon
 k - a pear
 o - a rotting chunk of jackal flesh
 z - 2 meat rations
Scrolls
 h - 3 scrolls of remove curse
Jewellery
 g - an amulet of stasis (around neck)
 n - a +5 ring of intelligence (left hand)
 p - a +5 ring of intelligence (right hand)
Potions
 m - a potion of brilliance
 q - a potion of invisibility
 r - a potion of resistance {unknown}


   Skills:
 * Level 3.7 Fighting
 + Level 2.7 Axes
 + Level 2.2 Maces & Flails
 + Level 2.2 Throwing
 + Level 4.4 Armour
 * Level 3.6 Dodging
 + Level 0.3 Stealth
 + Level 4.4 Shields
   Level 0.4 Evocations


You had 5 spell levels left.
You didn't know any spells.

Dungeon Overview and Level Annotations

Branches:
Dungeon (5/27)
 Temple: D:4-7

Altars:
Nemelex Xobeh


Innate Abilities, Weirdness & Mutations

You are resistant to damage.
You can recharge devices by infusing magical energy.
You passively map a small area around you.
You do not heal naturally.


Message History

You hit the scorpion but do no damage.
The scorpion is heavily wounded.
The scorpion barely misses you.
Unknown command.
Unknown command.
You hit the scorpion but do no damage.
The scorpion is heavily wounded.
The scorpion closely misses you.
You closely miss the scorpion.
The scorpion is heavily wounded.
You block the scorpion's attack.
You hit the scorpion.
The scorpion is severely wounded.
The scorpion stings you. The orc wizard completely misses you.
Welcome back, Morbidden the Deep Dwarf Fighter.
Press ? for a list of commands and other information.
Unknown command.
Unknown command.
Unknown command.
Are you sure you want to abandon this character and quit the game? (Confirm with "yes".)

*.[ #....)###.# ,, *
...#..##.# #.#
###..#..##.# #.# ,
.....#..##.###.##
#(..#..##.#...)# *,
#......##.####.#
(..#......##.####.###
#...(..so.##.##.....#
, *
#.###..#@.##.##.#####
.....#...# ##.#
..#...#..##.##.# , #
#..,#.....##.# ,
,##)#####)# , #.# #.#
#.# #.# , ,, , #.#
#.# ** , , #.# #.###


You could see a scorpion and an orc wizard.

Vanquished Creatures
  Menkaure (D:4)
  Blork the orc (D:5)
  4 worker ants
  2 hounds
  Ijyb (D:4)
  3 adders
  A giant mite (D:4)
  2 worms
  A giant eyeball (D:4)
  4 giant geckos
  An ooze (D:1)
  4 orcs
  4 giant cockroaches
  6 hobgoblins
  4 quokkas
  2 ball pythons
  11 bats
  3 giant newts
  A giant newt skeleton (D:4)
  13 goblins
  A hobgoblin skeleton (D:4)
  5 jackals
  8 kobolds
  10 rats
93 creatures vanquished.

Notes
Turn   | Place    | Note
--------------------------------------------------------------
     0 | D:1      | Morbidden, the Deep Dwarf Fighter, began the quest for the Orb.
     0 | D:1      | Reached XP level 1. HP: 21/21 MP: 0/0
   154 | D:1      | Reached XP level 2. HP: 28/28 MP: 1/1
   694 | D:1      | Reached XP level 3. HP: 36/36 MP: 2/2
   712 | D:1      | Reached skill level 1 in Dodging
  1153 | D:2      | Reached skill level 1 in Throwing
  1895 | D:3      | Reached XP level 4. HP: 27/43 MP: 3/3
  2343 | D:4      | Noticed Ijyb
  2361 | D:4      | Killed Ijyb
  2413 | D:4      | Reached skill level 1 in Axes
  2413 | D:4      | Reached XP level 5. HP: 17/50 MP: 4/4
  2437 | D:4      | Found a sparkling altar of Nemelex Xobeh.
  2440 | D:4      | Noticed Menkaure
  2444 | D:4      | Gained mutation: You are partially covered in large bone plates (AC +2, SH +2). [potion of mutation]
  2444 | D:4      | Gained mutation: Your skin changes colour to match your surroundings (Stlth). [potion of mutation]
  2444 | D:4      | Gained mutation: You possess an exceptional clarity of mind. [potion of mutation]
  2466 | D:4      | Killed Menkaure
  2466 | D:4      | Reached skill level 4 in Armour
  2467 | D:4      | Reached XP level 6. HP: 50/57 MP: 5/5
  2821 | D:4      | Noticed an orc warrior
  2849 | D:5      | Entered Level 5 of the Dungeon
  2906 | D:5      | Noticed Blork the orc
  2922 | D:5      | Lost mutation: You possess an exceptional clarity of mind. [potion of cure mutation]
  2922 | D:5      | Lost mutation: You are partially covered in large bone plates (AC +2, SH +2). [potion of cure mutation]
  2922 | D:5      | Lost mutation: Your skin changes colour to match your surroundings (Stlth). [potion of cure mutation]
  2927 | D:5      | HP: 1/57 [Blork the orc/puff of frost (5)]
  2928 | D:5      | Killed Blork the orc
  2987 | D:5      | Quit the game

Action                   |  1- 3 |  4- 6 || total
-------------------------+-------+-------++-------
Melee: Mace              |   118 |     7 ||   125
       Hand axe          |       |   176 ||   176
Throw: Dart              |   113 |    26 ||   139
       Dagger            |     6 |     5 ||    11
Evoke: Wand              |       |     5 ||     5
  Use: Scroll            |     2 |     8 ||    10
       Potion            |       |    10 ||    10
 Stab: Invisible         |       |     1 ||     1
